 Dungeon Crawl Stone Soup version 0.27-a0-1456-gf5a116941d (webtiles) character file.

Game seed: 2127351522267843807

87 Sin92 the Skirmisher (level 4, -2/35 HPs)
             Began as a Demonspawn Fighter on July 5, 2021.
             Killed from afar by Ijyb (11 damage)
             ... with a puff of flame
             ... on level 3 of the Dungeon.
             The game lasted 00:03:05 (2234 turns).

Sin92 the Skirmisher (Demonspawn Fighter)           Turns: 2234, Time: 00:03:06

Health: -2/35      AC:  7    Str: 16    XL:     4   Next: 28%
Magic:  4/4        EV:  7    Int: 10    God:
Gold:   70         SH: 10    Dex: 13    Spells: 3/3 levels left

rFire    . . .     SeeInvis .   a - +0 long sword
rCold    . . .     Faith    .   c - +1 kite shield
rNeg     . . .     Spirit   .   b - +0 scale mail
rPois    +         Reflect  .   (no helmet)
rElec    .         Harm     .   (no cloak)
rCorr    .         Rampage  .   i - +0 pair of gloves
Will     .....                  (no boots)
Stlth    ..........             j - amulet of regeneration
HPRegen  1.11/turn              h - ring of poison resistance
MPRegen  0.09/turn              (no ring)

@: mighty, flying
A: powered by pain 2
a: no special abilities


You were on level 3 of the Dungeon.
You visited 1 branch of the dungeon, and saw 3 of its levels.

You collected 70 gold pieces.

Inventory:

Hand Weapons
 a - a +0 long sword (weapon)
Armour
 b - a +0 scale mail (worn)
 c - a +1 kite shield (worn)
 i - a +0 pair of gloves (worn)
Jewellery
 h - a ring of poison resistance (left hand)
 j - an amulet of regeneration (around neck)
Scrolls
 g - a scroll of vulnerability {unknown}
 l - a scroll of silence {unknown}
 m - 2 scrolls of teleportation {unknown}
Potions
 e - a potion of curing
 f - a potion of ambrosia


   Skills:
 + Level 3.5 Fighting
 + Level 2.4 Long Blades
 + Level 3.1 Armour
 + Level 1.3 Dodging
 + Level 3.1 Shields


You had 3 spell levels left.
You didn't know any spells.
Your spell library was empty.

Dungeon Overview and Level Annotations

Branches:
Dungeon (3/15)

Altars:

Annotations:
D:3 Ijyb


Innate Abilities, Weirdness & Mutations

You sometimes gain power by taking damage.


Message History

Found 11 sling bullets.
No target in view!
You see here 11 sling bullets.
A frilled lizard comes into view.
The frilled lizard hisses angrily.
You slash the frilled lizard!
You kill the frilled lizard!
Found a ring mail.
No target in view!
You see here a +0 ring mail.
There is an open door here.
Key pressed, stopping explore.
No target in view!
Ijyb the Twisted Goblin comes into view.
She is wielding a +0 club and carrying a wand of flame (15).
Ijyb shouts!
Ijyb zaps a wand.
You block the puff of flame.
Ijyb is nearby!
You hit Ijyb but do no damage.
Ijyb zaps a wand.
The puff of flame hits you.
Ijyb is nearby!
You hit Ijyb.
Ijyb is moderately wounded.
Ijyb zaps a wand.
The puff of flame hits you. You block Ijyb's attack.
Ijyb is nearby!
You closely miss Ijyb.
Ijyb is moderately wounded.
Ijyb zaps a wand.
The puff of flame hits you.
You hit Ijyb.
Ijyb is moderately wounded.
Ijyb hits you but does no damage. You block Ijyb's attack.
Ijyb is nearby!
You barely miss Ijyb.
Ijyb is moderately wounded.
Ijyb zaps a wand.
The puff of flame hits you!
You feel very mighty all of a sudden.
Ijyb zaps a wand.
The puff of flame hits you!
* * * LOW HITPOINT WARNING * * *
It was a potion of flight.
You feel very buoyant.
You fly up into the air.
Ijyb zaps a wand.
The puff of flame hits you!
You die...

..# #>#
#.# #.#
#.# ..#
..# ###
..#
########.#
..#
......g@.#
..#
########.#
..# #.#
..# #.#
..# #.#
..# #.#
..# #.#
..########
#.#
..........
#.#


You could see Ijyb.

Vanquished Creatures
  Jessica (D:2)
  3 adders (D:2)
  2 dart slugs
  An orc (D:2)
  2 endoplasms (D:2)
  2 giant cockroaches
  A hobgoblin (D:1)
  4 jackals (D:2)
  2 kobolds
  3 bats
  4 frilled lizards
  3 goblins
  2 rats
30 creatures vanquished.

Notes
Turn   | Place    | Note
-------+----------+-------------------------------------------
     0 | D:1      | Sin92 the Demonspawn Fighter began the quest for the Orb.
     0 | D:1      | Reached XP level 1. HP: 18/18 MP: 1/1
   157 | D:1      | Found a faded altar of an unknown god.
   495 | D:1      | Gained mutation: You sometimes gain a little power by
                  | taking damage. [demonic ancestry]
   495 | D:1      | Reached XP level 2. HP: 24/24 MP: 2/2
  1217 | D:2      | Gained mutation: You sometimes gain power by taking damage.
                  | [demonic ancestry]
  1217 | D:2      | Reached XP level 3. HP: 21/29 MP: 3/3
  1220 | D:2      | Reached skill level 1 in Dodging
  1398 | D:2      | You fall into a shaft and drop 1 floor!
  1786 | D:2      | Noticed Jessica
  1793 | D:2      | Killed Jessica
  1794 | D:2      | Reached XP level 4. HP: 28/35 MP: 4/4
  2226 | D:3      | Noticed Ijyb
  2234 | D:3      | Killed from afar by Ijyb

Illustrated notes

Levels and vault maps discovered:
D:1:      pf_arrival_petrified_forest, layout_basic,
          ebering_ecumenical_altar_abandoned
D:2:      layout_loops_ring, uniq_jessica
D:3:      layout_basic, uniq_ijyb

Skill      XL: |  1  2  3 |
---------------+----------+-----
Long Blades    | 2 |  2.4
Armour         | 3 |  3.1
Shields        | 3 |  3.1
Dodging        | 1 |  1.3
Fighting       | |  3.5

Action                   |  1- 3 |  4- 6 || total
-------------------------+-------+-------++-------
Melee: Long sword        |   107 |    12 ||   119
  Use: Scroll            |     2 |       ||     2
       Potion            |     1 |     2 ||     3
Armor: Scale mail        |    64 |     4 ||    68
Dodge: Dodged            |    40 |     3 ||    43
Block: Kite shield       |    83 |     6 ||    89
       Rpst.: Long sword |    12 |     1 ||    13

Table legend: (Time is in decaauts)
 A = Elapsed time spent in this place.
 B = Non-inter-level travel time spent in this place.
 C = Inter-level travel time spent in this place.
 D = Time resting spent in this place.
 E = Time spent auto-exploring this place.
 F = Levels seen in this place.
 G = Mean time per level.
                   A        B        C        D        E       F      G
               +--------+--------+--------+--------+--------+-----+--------+
         Total |   2298 |   2261 |     37 |      0 |   1866 |   3 |  766.0 |
       Dungeon |   2298 |   2261 |     37 |      0 |   1866 |   3 |  766.0 |
               +--------+--------+--------+--------+--------+-----+--------+

Top non-repeatable levels by time:
     D:2: 1061 daAuts
     D:1: 897 daAuts
     D:3: 339 daAuts
